Map: Ever Dream LE

Players

LiquidMaNa (MaNa) - Winner!

  • Race: Protoss Protoss
  • League: Grandmaster
  • Spawn Location: 7:00

HeroMarine

  • Race: Terran Terran
  • League: Master
  • Spawn Location: 1:00

Event: War Chest Team League

VOD

Have the link to the VOD?

Description

Time

  • Played on: Aug. 9, 2020, 11:11 a.m.
  • Length: 21:54
Show
View Real Time Build Order
Export as new Build Order

LiquidMaNa Protoss - Winner!

Build Orders:  

Get SALT Encoding   

  12  0:08  Pylon  
  12  0:13  Probe  
  13  0:27  Gateway  
  13  0:30  Probe (Chrono Boost)  
  14  0:39  Probe (Chrono Boost)  
  14  0:41  Assimilator  
  15  0:44  Probe (Chrono Boost)  
  16  0:56  Probe  
  17  1:08  Probe  
  18  1:14  Cybernetics Core  
  18  1:20  Probe  
  18  1:23  Pylon  
  19  1:33  Probe  
  20  1:45  Probe  
  21  1:47  Adept (Chrono Boost)  
  21  1:50  Warp Gate  
  23  1:57  Probe  
  24  2:04  Nexus  
  24  2:10  Stalker (Chrono Boost)  
  26  2:18  Assimilator  
  26  2:20  Probe  
  27  2:32  Probe, Stalker  
  29  2:39  Pylon  
  29  2:44  Probe  
  30  2:56  Probe  
  30  2:57  Robotics Facility  
  31  3:05  Gateway  
  31  3:08  Probe  
  32  3:20  Probe  
  32  3:21  Probe  
  34  3:30  Gateway  
  34  3:32  Probe  
  33  3:39  Stalker  
  36  3:42  Warp Prism (Chrono Boost)  
  37  3:57  Probe x2  
  37  3:59  Stalker  
  41  4:07  Stalker  
  43  4:17  Shield Battery  
  43  4:21  Robotics Bay, Observer  
  43  4:23  Pylon  
  44  4:26  Stalker  
  44  4:28  Probe  
  48  4:44  Stalker x2  
  51  4:52  Zealot  
  48  5:07  Probe x2  
  48  5:09  Disruptor  
  52  5:14  Assimilator  
  52  5:15  Assimilator  
  52  5:19  Probe  
  51  5:22  Probe  
  51  5:24  Gravitic Drive  
  52  5:31  Probe  
  52  5:34  Probe  
  54  5:43  Probe (Chrono Boost), Nexus  
  54  5:46  Probe (Chrono Boost)  
  54  5:49  Observer  
  56  5:52  Adept x3  
  56  5:57  Pylon  
  62  6:07  Forge  
  62  6:08  Shield Battery  
  62  6:14  Colossus (Chrono Boost)  
  62  6:15  Probe x2  
  62  6:16  Shield Battery  
  69  6:23  Pylon  
  69  6:28  Probe  
  69  6:29  Pylon  
  70  6:41  Probe  
  70  6:44  Protoss Ground Weapons Level 1  
  69  6:50  Probe  
  69  6:52  Sentry  
  69  6:53  Zealot x2  
  76  6:54  Probe  
  76  6:59  Extended Thermal Lance  
  77  7:03  Colossus (Chrono Boost)  
  83  7:09  Probe  
  83  7:11  Probe  
  82  7:20  Probe (Chrono Boost), Stalker x3  
  82  7:21  Probe (Chrono Boost)  
  88  7:30  Probe (Chrono Boost)  
  88  7:33  Probe (Chrono Boost)  
  91  7:37  Probe (Chrono Boost)  
  91  7:40  Probe x2 (Chrono Boost)  
  91  7:42  Twilight Council  
  91  7:43  Observer  
  95  7:44  Probe (Chrono Boost)  
  95  7:45  Probe (Chrono Boost), Sentry x2  
  95  7:49  Probe (Chrono Boost)  
  96  7:56  Probe (Chrono Boost)  
  96  7:57  Probe (Chrono Boost)  
  98  8:01  Probe (Chrono Boost)  
  98  8:04  Probe (Chrono Boost)  
  98  8:05  Probe (Chrono Boost)  
  101  8:06  Probe (Chrono Boost)  
  101  8:10  Probe  
  101  8:11  Probe  
  100  8:15  Probe  
  101  8:32  Pylon  
  100  8:35  Charge  
  98  8:46  Pylon  
  98  8:47  Pylon  
  98  8:48  Pylon  
  98  8:49  Pylon  
  98  8:50  Probe x3  
  101  9:03  Pylon  
  101  9:04  Pylon  
  98  9:12  Probe x2  
  98  9:13  Probe  
  107  9:23  Stalker  
  107  9:24  Probe, Stalker  
  111  9:34  Zealot  
  113  9:41  Shield Battery  
  113  9:43  Shield Battery  
  107  9:50  Zealot x3  
  97  10:09  Stalker x3  
  97  10:12  Gateway  
  97  10:14  Gateway x2  
  97  10:19  Gateway  
  89  10:32  Probe x2  
  87  10:39  Robotics Facility  
  87  10:40  Robotics Facility  
  87  10:41  Sentry x3  
  93  10:44  Probe x2  
  93  10:45  Pylon  
  93  10:46  Assimilator  
  95  10:52  Assimilator  
  95  10:58  Probe  
  95  11:00  Photon Cannon  
  95  11:08  Stalker x3  
  95  11:09  Stalker  
  103  11:21  Zealot x3  
  109  11:34  Zealot x4  
  117  11:41  Observer  
  117  11:48  Pylon  
  117  11:49  Pylon  
  117  11:52  Pylon  
  117  11:58  Nexus  
  117  12:01  Robotics Bay  
  117  12:07  Immortal  
  117  12:08  Immortal  
  123  12:09  Zealot  
  123  12:10  Zealot  
  123  12:14  Zealot x2  
  123  12:15  Zealot x2  
  108  12:39  Cybernetics Core  
  108  12:40  Zealot x5  
  118  12:48  Colossus  
  124  12:57  Colossus  
  130  13:02  Pylon  
  130  13:14  Zealot x5  
  136  13:32  Zealot  
  120  13:36  Stalker x5  
  116  13:43  Colossus (Chrono Boost)  
  118  13:56  Observer  
  118  13:57  Probe x2  
  118  13:58  Probe  
  118  14:00  Twilight Council, Colossus (Chrono Boost)  
  127  14:10  Sentry x2, Zealot x2  
  127  14:11  Probe  
  127  14:12  Probe  
  136  14:31  Blink (Chrono Boost)  
  136  14:33  Stalker  
  136  14:35  Stalker  
  137  15:01  Pylon  
  137  15:02  Pylon  
  137  15:10  Observer  
  137  15:13  Pylon  
  138  15:22  Zealot x6  
  110  15:45  Immortal (Chrono Boost)  
  78  15:58  Immortal (Chrono Boost), Stalker x6  
  86  16:18  Immortal (Chrono Boost)  
  70  16:27  Probe x2  
  70  16:30  Immortal (Chrono Boost)  
  74  16:41  Sentry x4  
  74  16:46  Probe  
  83  16:52  Probe x2 (Chrono Boost)  
  85  16:58  Probe (Chrono Boost)  
  86  17:08  Warp Prism  
  90  17:09  Probe x2 (Chrono Boost)  
  89  17:19  Templar Archives  
  89  17:25  Immortal  
  93  17:30  Dark Shrine  
  93  17:36  Probe x3  
  96  17:42  Observer  
  96  17:45  Immortal  
  100  17:54  Assimilator  
  100  17:55  Assimilator  
  100  18:02  Pylon  
  100  18:04  High Templar  
  100  18:05  High Templar x3  
  103  18:06  Zealot x2  
  103  18:11  Archon x2  
  111  18:14  Probe x2  
  111  18:16  Psionic Storm  
  113  18:31  Nexus  
  113  18:32  Pylon  
  111  18:45  Dark Templar  
  111  18:46  Dark Templar  
  111  18:47  Zealot x2  
  119  18:49  Zealot  
  119  18:51  High Templar  
  123  18:57  Probe x3 (Chrono Boost)  
  126  19:07  High Templar  
  126  19:08  Probe (Chrono Boost), High Templar  
  126  19:09  Probe (Chrono Boost)  
  133  19:10  Probe (Chrono Boost)  
  133  19:13  Probe x2 (Chrono Boost)  
  133  19:16  Probe  
  136  19:26  High Templar  
  138  19:32  Forge  
  138  19:38  Nexus  
  138  19:42  Disruptor x2  
  144  19:47  Dark Templar  
  144  19:51  Probe x3  
  149  19:53  Probe  
  150  20:03  Probe x3  
  143  20:18  Zealot x4  
  143  20:20  Zealot x2  
  145  20:24  Disruptor x2  
  145  20:28  Probe  
  144  20:50  Zealot x6  
  144  20:54  Probe x2  
  144  20:55  Probe  
  159  21:00  Immortal, Disruptor  
  162  21:09  Assimilator  
  162  21:10  Assimilator, High Templar  
  162  21:11  High Templar  
  152  21:38  Stalker x4  
  158  21:40  Stalker x2  
Show
View Real Time Build Order
Export as new Build Order

HeroMarine Terran 

Build Orders: Reaper Expand 

Get SALT Encoding   

  12  0:00  SCV  
  13  0:12  SCV  
  14  0:17  Supply Depot  
  14  0:24  SCV  
  15  0:38  SCV  
  15  0:40  Barracks  
  16  0:43  Refinery  
  16  0:50  SCV  
  17  1:02  SCV  
  18  1:15  SCV  
  19  1:27  Reaper, Orbital Command  
  20  1:42  Command Center  
  20  1:47  Supply Depot  
  20  1:52  SCV  
  21  1:58  Marine  
  22  2:04  SCV  
  22  2:06  Factory  
  23  2:14  Bunker  
  23  2:16  SCV  
  23  2:20  Barracks Reactor  
  24  2:24  Refinery  
  24  2:28  SCV  
  25  2:40  SCV  
  23  2:52  SCV  
  23  2:54  Barracks  
  24  3:01  Hellion x2  
  24  3:04  SCV  
  29  3:17  SCV  
  30  3:22  Barracks Tech Lab  
  30  3:29  SCV  
  30  3:37  Orbital Command  
  30  3:41  SCV  
  31  3:42  Marauder  
  31  3:45  Stimpack  
  33  3:53  SCV  
  34  3:57  Marine x2  
  36  4:03  Factory Reactor  
  36  4:05  SCV, Starport  
  38  4:13  Marauder  
  38  4:14  Marine  
  38  4:15  Marine  
  41  4:17  SCV  
  41  4:19  SCV  
  41  4:22  Bunker  
  43  4:27  Supply Depot  
  43  4:29  SCV  
  44  4:31  SCV  
  44  4:37  Supply Depot  
  45  4:41  SCV  
  46  4:49  SCV, Marauder, Marine x2, Widow Mine  
  46  4:51  Medivac  
  53  4:53  SCV  
  47  5:01  SCV  
  47  5:05  SCV  
  47  5:06  Marine x2  
  45  5:10  Marine  
  45  5:13  SCV  
  46  5:18  SCV  
  45  5:24  Marine x2  
  45  5:25  SCV  
  45  5:27  Combat Shield  
  50  5:28  Marauder  
  50  5:30  SCV  
  50  5:32  Medivac  
  53  5:37  SCV  
  53  5:40  Supply Depot  
  53  5:42  SCV, Marine x2  
  54  5:46  Barracks  
  54  5:49  SCV  
  57  5:50  Marauder  
  57  5:51  Engineering Bay  
  57  5:54  SCV  
  58  6:00  Marine x2  
  58  6:02  SCV  
  61  6:06  SCV  
  61  6:11  Marine, Widow Mine x2  
  67  6:13  Medivac  
  67  6:14  SCV  
  70  6:20  Supply Depot, Refinery  
  70  6:22  Supply Depot  
  70  6:23  SCV, Marine x2  
  73  6:26  SCV  
  73  6:27  Missile Turret  
  74  6:34  Barracks Tech Lab  
  74  6:35  SCV  
  74  6:38  SCV  
  72  6:47  SCV  
  72  6:50  SCV  
  74  6:55  Medivac, Widow Mine x2  
  74  6:59  Concussive Shells, SCV, Marauder  
  80  7:10  Marauder  
  80  7:12  Marine  
  83  7:21  Marauder, Widow Mine x2  
  87  7:24  Medivac  
  87  7:25  SCV  
  87  7:26  SCV  
  87  7:27  Refinery  
  82  7:31  Marauder  
  82  7:34  Marine  
  85  7:37  SCV, Terran Infantry Weapons Level 1, Marine  
  85  7:38  SCV  
  85  7:41  Marine  
  89  7:49  SCV  
  89  7:50  SCV  
  91  7:52  Marine  
  91  7:53  Marauder  
  94  8:06  Factory Tech Lab  
  94  8:10  SCV, Marine  
  94  8:13  Command Center  
  94  8:18  Supply Depot x2, Marine  
  94  8:19  SCV, Medivac x2, Marauder  
  102  8:24  Marine  
  102  8:38  SCV, Marine  
  102  8:39  Supply Depot, Marine  
  102  8:40  Supply Depot, Marine, Siege Tank  
  104  8:42  Marine  
  104  8:49  Medivac  
  104  8:52  Medivac, Barracks x2  
  107  8:56  Marine  
  107  8:57  Marine  
  107  8:58  SCV x2, Marauder  
  107  9:00  Marauder  
  115  9:05  Supply Depot  
  111  9:12  Siege Tank  
  111  9:13  Marine  
  111  9:15  Marine  
  116  9:20  Marauder  
  116  9:21  Medivac  
  116  9:22  Medivac, Marauder  
  118  9:31  Marine, Terran Infantry Armor Level 1  
  118  9:35  Marine  
  120  9:40  SCV  
  120  9:41  Marauder  
  120  9:43  Marauder  
  120  9:44  Siege Tank  
  127  9:46  Marine  
  127  9:47  Marine  
  127  9:49  Marine  
  121  9:54  Marine  
  119  10:02  Marauder  
  119  10:04  Marine  
  119  10:05  Orbital Command, Marine  
  117  10:10  Marine  
  117  10:11  Marine  
  118  10:16  Marine  
  104  10:22  Marauder  
  104  10:24  SCV  
  106  10:32  SCV  
  101  10:36  SCV  
  102  10:44  SCV  
  102  10:45  Barracks Tech Lab x2  
  102  10:48  SCV  
  104  10:52  Marine  
  104  10:53  Orbital Command  
  104  10:56  SCV  
  100  10:57  Marine x2  
  100  11:00  SCV  
  100  11:02  Marauder  
  105  11:08  SCV  
  105  11:09  Marauder  
  108  11:14  Marine  
  110  11:22  Liberator  
  110  11:25  Liberator  
  115  11:27  Marauder x2  
  115  11:31  Marauder  
  123  11:33  Marauder  
  123  11:44  Marine x2  
  125  11:48  Marine  
  125  11:49  Marauder  
  125  11:54  Marauder  
  129  11:58  Marine  
  130  12:04  Refinery  
  130  12:05  Refinery, Marine x2, Liberator  
  130  12:07  Marauder  
  130  12:08  SCV  
  133  12:10  SCV  
  133  12:12  Marine  
  123  12:16  SCV  
  123  12:20  SCV  
  115  12:23  SCV  
  115  12:26  Marauder, Marine x2  
  115  12:28  Marine  
  107  12:31  SCV  
  107  12:33  SCV  
  109  12:41  Siege Tank  
  112  12:48  Marauder  
  112  12:49  Marauder  
  118  12:51  Marauder  
  118  12:54  Medivac  
  118  12:55  Orbital Command  
  118  12:56  Medivac  
  122  13:00  Marauder  
  124  13:07  Marine x2  
  124  13:09  SCV, Marauder  
  124  13:11  SCV  
  127  13:22  SCV  
  127  13:23  SCV  
  127  13:25  Marauder  
  127  13:27  Marine x2  
  119  13:30  SCV  
  119  13:34  SCV  
  112  13:35  SCV  
  112  13:37  Marauder  
  114  13:54  Marauder  
  114  14:02  Siege Tank  
  114  14:07  Marauder  
  114  14:09  Marauder  
  120  14:17  Viking  
  120  14:18  Viking  
  120  14:23  Marauder  
  124  14:28  Marauder  
  124  14:30  Marauder  
  128  14:33  Marauder  
  130  14:39  Marine  
  130  14:44  Marauder  
  132  14:50  Siege Tank  
  132  14:52  Marine x2  
  134  14:55  Marauder x2  
  137  15:02  Refinery  
  137  15:03  Refinery  
  137  15:05  Marauder  
  139  15:07  Viking  
  139  15:11  SCV x2, Supply Depot  
  139  15:12  SCV  
  139  15:14  Refinery, Marine  
  144  15:15  Marine  
  144  15:16  Marine  
  145  15:23  Viking  
  145  15:26  Orbital Command  
  145  15:32  Marauder  
  145  15:33  Marine x2  
  145  15:35  SCV  
  128  15:37  SCV  
  113  15:47  SCV  
  113  15:48  Marauder  
  95  15:51  SCV  
  88  15:59  Marauder  
  90  16:04  Marine  
  90  16:08  Marine  
  92  16:11  SCV  
  92  16:12  SCV  
  92  16:16  Marauder  
  82  16:20  Marauder  
  82  16:24  Marauder  
  74  16:29  Marauder  
  76  16:36  Marine x2  
  76  16:37  Marauder  
  76  16:41  Marine  
  76  16:43  Orbital Command  
  76  16:46  Marauder  
  79  16:50  Marauder  
  81  16:55  Marine x2  
  81  16:58  Marauder  
  81  16:59  Marauder  
  87  17:07  Marine, Siege Tank  
  91  17:11  Marauder  
  91  17:13  Marine x2  
  94  17:20  Medivac, Marauder  
  94  17:21  Medivac, Marauder  
  102  17:30  Marauder  
  102  17:32  SCV  
  102  17:33  Marauder  
  102  17:34  SCV  
  102  17:36  SCV  
  108  17:43  Missile Turret  
  108  17:44  Missile Turret  
  108  17:50  Medivac  
  108  17:51  SCV, Medivac  
  113  17:55  Marauder  
  113  17:57  Marauder  
  117  18:01  Marauder  
  117  18:04  Marauder  
  117  18:05  Marine  
  122  18:06  Marine  
  123  18:17  Marauder  
  123  18:19  Marauder  
  127  18:22  Marauder, Marine  
  127  18:23  Marine  
  127  18:25  Marauder  
  133  18:28  Bunker, Ghost Academy  
  133  18:38  Marine  
  133  18:40  Marine x2  
  133  18:43  Marine x2  
  133  18:44  Widow Mine x2  
  133  18:48  Marauder  
  143  18:55  Marine  
  143  18:57  Supply Depot, Marine  
  143  18:58  Marine  
  143  19:00  Marine  
  143  19:02  Refinery  
  149  19:05  Widow Mine x2  
  149  19:09  Armory  
  154  19:16  Missile Turret  
  155  19:18  Marine  
  155  19:23  SCV x2  
  155  19:24  SCV, Refinery  
  156  19:36  Marine x2  
  156  19:38  Widow Mine x2  
  164  19:41  Supply Depot  
  164  19:43  Supply Depot  
  164  19:49  Unknown x2  
  164  19:53  Enhanced Shockwaves  
  164  19:54  Marauder x2  
  168  20:00  Unknown  
  168  20:04  Marauder  
  167  20:08  Marauder, Marine x2  
  167  20:10  Widow Mine  
  149  20:22  Marauder  
  149  20:24  Widow Mine  
  149  20:25  Marine x2  
  153  20:31  Orbital Command, Marine  
  153  20:32  Marine  
  146  20:37  Marine  
  138  20:43  Marine x3  
  138  20:44  Orbital Command  
  138  20:49  Marine x2  
  141  20:55  Missile Turret, Marine  
  136  20:57  Orbital Command  
  135  21:06  Marauder  
  135  21:07  Marauder x2  
  141  21:13  Marine x2  
  141  21:18  Widow Mine  
  147  21:23  Marauder  
  123  21:30  Marauder, Marine x2  
  108  21:34  Marine  
Tags
 
Add a new tag
Caveats
  • Supply blocks, unpowered buildings, or Contaminate may cause inaccurate times.
  • Supply counts are checked every 10 seconds.